 Dungeon Crawl Stone Soup version 0.13.0-26-gf7ffa3a (webtiles) character file.

181 Lilouch the Magician (level 3, 0/22 HPs)
             Began as a Mummy Wizard on Nov 1, 2013.
             Slain by Sigmund
             ... wielding a +0,+0 scythe
              (4 damage)
             ... on Level 2 of the Dungeon.
             The game lasted 00:16:09 (2825 turns).

Lilouch the Magician (Mummy Wizard)                 Turns: 2825, Time: 00:16:09

HP   0/22        AC  3     Str 10      XL: 3   Next: 78%
MP   9/9         EV 12     Int 18      God:
Gold 122         SH  0     Dex 10      Spells:  1 memorised,  7 levels left

Res.Fire  : x . .   See Invis. : .   p - +1,+0 short sword (vamp)
Res.Cold  : + . .   Warding    : .   a - +0 robe
Life Prot.: + + +   Conserve   : .   (no shield)
Res.Poison: +       Res.Corr.  : .   b - +0 wizard hat
Res.Elec. : .       Clarity    : .   (no cloak)
Sust.Abil.: . .     Spirit.Shd : .   o - +0 pair of gloves
Res.Mut.  : .       Rnd.Telep. : +   (no boots)
Res.Rott. : +       Flight     : .   (no amulet)
Saprovore : . . .                    l - cursed ring of teleportation
                                     g - cursed ring of hunger {unknown}

@: slightly resistant to hostile enchantments, unstealthy
A: no food or potions, fire vulnerability, restore body, cold resistance 1, life
protection 3, poison resistance, torment resistance, unbreathing
a: Evoke Teleportation


You were on level 2 of the Dungeon.
You were not hungry.

You visited 1 branch of the dungeon, and saw 2 of its levels.

You collected 102 gold pieces.

Inventory:

Hand weapons
 p - a +1,+0 vampiric short sword (weapon)
Missiles
 k - 16 steel darts (quivered)
Armour
 a - a +0 robe (worn)
 b - a +0 wizard hat (worn)
 o - a +0 pair of gloves (worn)
Comestibles
 v - a bread ration
Scrolls
 d - a scroll of recharging {unknown}
 i - a scroll of teleportation {unknown}
 j - a scroll of blinking {unknown}
 q - a scroll of fog {unknown}
 r - a scroll of remove curse {unknown}
 s - a scroll of identify {unknown}
Jewellery
 e - an uncursed amulet of guardian spirit
 g - a cursed ring of hunger (left hand) {unknown}
 h - an uncursed ring of flight
 l - a cursed ring of teleportation (right hand)
Potions
 f - a potion of might {unknown}
 m - a potion of curing {unknown}
 n - a potion of magic {unknown}
 t - 2 potions of brilliance {unknown}
 u - 2 potions of agility {unknown}
Books
 c - a book of Minor Magic

   Spells                             Type                      Level
   *Magic Dart                        Conjuration                  1
   Blink                              Translocation                2
   Call Imp                           Summoning                    2
   Repel Missiles                     Charms/Air                   2
   Slow                               Hexes                        2
   Conjure Flame                      Conjuration/Fire             3
   Mephitic Cloud                     Conjuration/Poison/Air       3


   Skills:
 - Level 1.5 Dodging
 - Level 1.5 Stealth
 - Level 3.0 Spellcasting
 + Level 3.0 Conjurations
   Level 0.7 Summonings
   Level 0.7 Translocations


You had 7 spell levels left.
You knew the following spells:

 Your Spells              Type           Power        Failure   Level  Hunger
a - Magic Dart            Conj           ##..         6%          1    N/A

Dungeon Overview and Level Annotations

Branches:
Dungeon (2/27)

Altars:
the Shining One

Annotations:
D:2 Sigmund


Innate Abilities, Weirdness & Mutations

You do not eat or drink.
Your flesh is vulnerable to fire.
Your flesh is cold resistant.
You are immune to negative energy.
Your system is resistant to poisons.
You are immune to unholy pain and torment.
You can survive without breathing.


Message History

Sigmund's eyes start glowing with a red light.
Sigmund gestures at you while chanting. The magic dart hits you!
There is an open door here.
Sigmund gestures at you while chanting.
You are confused.
There is an open door here.
Sigmund casts a spell.
Sigmund flickers and vanishes!
Deactivating autopickup; reactivate with Ctrl-A.
Ouch! It hits you.
There is an open door here.
Ouch! You feel less confused. It hits you!
Ouch! That really hurt!
* * * LOW HITPOINT WARNING * * *
It hits you.
You die...

......# #......##..#..(......##
...)#.#####......###.'.........#
....#.....#......# ###.........#
....#####.'......# ########'##
>#### ###......# ######...# .###
##...### #......### ...#
#####.### #.######
##'#######.......# #.#
....#....+...<..@#####'#########
....'.####.......'..#..........##
....### #.......##.'..........'.
....# #.......####..........#.
....# #.......# #..........##
##### ######### #..........#
############


There were no monsters in sight!

Vanquished Creatures
  Terence (D:2)
  A giant mite (D:1)
  An inept feature mimic (D:2)
  A giant gecko (D:1)
  3 giant cockroaches
  3 hobgoblins
  5 bats (D:1)
  A giant newt (D:1)
  8 goblins
  3 kobolds (D:1)
  10 rats
37 creatures vanquished.

Notes
Turn   | Place    | Note
--------------------------------------------------------------
     0 | D:1      | Lilouch, the Mummy Wizard, began the quest for the Orb.
     0 | D:1      | Reached XP level 1. HP: 11/11 MP: 5/5
    21 | D:1      | Reached skill level 1 in Conjurations
  1095 | D:1      | Reached XP level 2. HP: 17/17 MP: 5/7
  1646 | D:1      | Found a glowing golden altar of the Shining One.
  1716 | D:1      | Reached XP level 3. HP: 22/22 MP: 2/9
  1900 | D:2      | Noticed Sigmund
  2255 | D:2      | Noticed Terence
  2444 | D:2      | Killed Terence
  2825 | D:2      | Slain by Sigmund

Action                   || total
-------------------------++-------
Melee: Unarmed           ||    26
       Short sword       ||    34
 Cast: Magic Dart        ||    91
